 Dungeon Crawl Stone Soup version 0.20-a0-689-g860b9ab (webtiles) character file.

149 Alarkh the Magician (level 5, -2/35 HPs)
             Began as a Mummy Ice Elementalist on Feb 19, 2017.
             Slain by a centaur (5 damage)
             ... on level 3 of the Dungeon.
             The game lasted 00:03:59 (2318 turns).

Alarkh the Magician (Mummy Ice Elementalist)        Turns: 2318, Time: 00:04:00

Health: -2/35      AC:  3    Str: 11    XL:     5   Next: 9%
Magic:  12/12      EV: 12    Int: 16    God:
Gold:   197        SH:  0    Dex: 12    Spells: 7/14 levels left

rFire    x . .     SeeInvis .   h - +0 dagger
rCold    + . .     Gourm    .   a - +0 robe
rNeg     + + +     Faith    .   (no shield)
rPois    ∞         Spirit   .   (no helmet)
rElec    .         Reflect  .   k - +0 cloak
rCorr    +         Harm     .   (no gloves)
MR       .....                  (no boots)
Stlth    ++........             (no amulet)
Regen    0.2/turn               (no ring)
MPRegen  0.2/turn               l - ring of resist corrosion

@: no status effects
A: no food or potions, fire vulnerability, cold resistance 1, negative energy
resistance 3, torment resistance, unbreathing
a: no special abilities


You were on level 3 of the Dungeon.
You were not hungry.

You visited 1 branch of the dungeon, and saw 3 of its levels.

You collected 197 gold pieces.

Inventory:

Hand Weapons
 h - a +0 dagger (weapon)
Armour
 a - a +0 robe (worn)
 k - a +0 cloak (worn)
Jewellery
 l - a ring of resist corrosion (left hand)
Wands
 m - a wand of acid (6/15)
Scrolls
 c - a scroll of fear {unknown}
 d - a scroll of immolation {unknown}
 e - a scroll of remove curse {unknown}
 f - a scroll of recharging {unknown}
 g - a scroll of teleportation
 i - a scroll of fog {unknown}
 j - a scroll of magic mapping {unknown}
Books
 b - a book of Frost

   Spells                             Type                      Level
   a - Freeze                         Ice                          1
   b - Throw Frost                    Conjuration/Ice              2
   c - Ozocubu's Armour               Charms/Ice                   3
   d - Throw Icicle                   Conjuration/Ice              4
   e - Summon Ice Beast               Ice/Summoning                4


   Skills:
 - Level 1.5 Dodging
 - Level 1.5 Stealth
 + Level 5.0 Spellcasting
 - Level 0.7 Conjurations
 + Level 0.4 Summonings
 + Level 3.6 Ice Magic


You had 7 spell levels left.
You knew the following spells:

 Your Spells              Type           Power        Failure   Level  Hunger
a - Freeze                Ice            ###.         4%          1    N/A
b - Throw Frost           Conj/Ice       ##....       12%         2    N/A
c - Summon Ice Beast      Ice/Summ       ##......     75%         4    N/A

Dungeon Overview and Level Annotations

Branches:
Dungeon (3/15)

Altars:
Cheibriados
Nemelex Xobeh
Trog


Innate Abilities, Weirdness & Mutations

You do not eat or drink.
Your flesh is vulnerable to fire.
You are immune to poison.
Your flesh is cold resistant. (rC+)
You are immune to negative energy. (rN+++)
You are immune to unholy pain and torment.
You can survive without breathing.


Message History

You open the door.
There is an open door here.
You now have 197 gold pieces (gained 10).
A centaur comes into view.
The centaur shouts!
A centaur is nearby!
A centaur is nearby!
The centaur wields a shortbow.
The centaur shoots an arrow.
The arrow hits you!
Found a scroll labeled ZEPEHI ILEK.
You see here an arrow.
The centaur shoots an arrow.
The arrow hits you!
The centaur shoots an arrow.
The arrow hits you!
* * * LOW HITPOINT WARNING * * *
You see here 2 arrows.
Okay, then.
The centaur shoots an arrow.
The arrow barely misses you.
You see here a scroll labeled VIESHR MIFEUT.
The centaur unwields an uncursed shortbow.
The centaur hits you.
You die...

......#.# #.###.##..
##....#.####.........
.'....'............#
##....#............#
#######............#
..# #............#
..# ##...........#
..# #.....(.....# ..#
#..(...(?@c.# ..#
#.....#.#........ ..#
#.....#.#######.# ..#
#.....#.#
############$#?#
..#...# ..#.# .##._.#
#.#.# .##...# #.#
.##.§.# #.#


You could see a centaur.

Vanquished Creatures
  Ijyb (D:2)
  Terence (D:3)
  2 adders (D:3)
  2 worms (D:2)
  3 dart slugs
  A leopard gecko (D:2)
  An orc (D:3)
  7 giant cockroaches
  10 goblins
  8 hobgoblins
  3 jackals (D:2)
  3 quokkas (D:3)
  2 ball pythons (D:3)
  8 bats
  4 frilled lizards
  6 kobolds
  5 rats
67 creatures vanquished.

Notes
Turn   | Place    | Note
-------+----------+-------------------------------------------
     0 | D:1      | Alarkh the Mummy Ice Elementalist began the quest for the Orb.
     0 | D:1      | Reached XP level 1. HP: 13/13 MP: 4/4
    33 | D:1      | Reached skill level 3 in Spellcasting
   113 | D:1      | Reached XP level 2. HP: 12/19 MP: 0/6
   634 | D:2      | Noticed Ijyb
   666 | D:2      | Killed Ijyb
   666 | D:2      | Reached skill level 4 in Spellcasting
   666 | D:2      | Reached XP level 3. HP: 12/24 MP: 0/8
   851 | D:2      | Learned a level 2 spell: Throw Frost
  1429 | D:2      | Reached XP level 4. HP: 24/30 MP: 6/10
  1877 | D:3      | Noticed Terence
  2014 | D:3      | Learned a level 4 spell: Summon Ice Beast
  2034 | D:3      | Found a sparkling altar of Nemelex Xobeh.
  2035 | D:3      | Found a snail-covered altar of Cheibriados.
  2087 | D:3      | Killed Terence
  2087 | D:3      | Reached skill level 5 in Spellcasting
  2087 | D:3      | Reached XP level 5. HP: 33/35 MP: 5/12
  2260 | D:3      | Found a bloodstained altar of Trog.
  2313 | D:3      | Noticed a centaur
  2318 | D:3      | Slain by a centaur

Vault maps used:
D:1:      lemuel_arrival_rhombus, minmay_misc_feat_room
D:2:      uniq_iyjb
D:3:      gammafunk_temple_overflow_pools, first_bread, trog_book, uniq_terence

Skill      XL: |  1  2  3  4 |
---------------+-------------+-----
Spellcasting   | 3 4 5 |  5.0
Ice Magic      | 3 |  3.6
Dodging        | |  1.5
Stealth        | |  1.5
Conjurations   | |  0.7
Summonings     | |  0.4

Action                   |  1- 3 |  4- 6 || total
-------------------------+-------+-------++-------
Melee: Unarmed           |    16 |       ||    16
       Dagger            |    17 |     9 ||    26
 Cast: Freeze            |    55 |    62 ||   117
       Throw Frost       |     6 |       ||     6
  Use: Scroll            |       |     1 ||     1
Armor: Robe              |    11 |    10 ||    21
Dodge: Dodged            |    45 |    42 ||    87
